 Dungeon Crawl Stone Soup version 0.32-a0-933-ga8fa3634e4 (webtiles) character file.

Game seed: 10183739463059962431

691 smashvw the Magician (level 7, -5/45 HPs)
             Began as a Djinni Ice Elementalist on Apr 14, 2024.
             Killed by divine providence
             ... invoked by an orc priest
              (12 damage)
             ... on level 4 of the Dungeon.
             The game lasted 00:09:44 (3185 turns).

smashvw the Magician (Djinni Ice Elementalist)      Turns: 3185, Time: 00:09:45

Health: -5/45      AC:  2    Str:  7    XL:     7   Next: 95%
Gold:   158        EV: 11    Int: 19    God:
                   SH:  0    Dex: 13

rFire   + + .        r - +1 long sword (distort)
rCold   x . .        (no shield)
rNeg    . . .        a - +0 robe
rPois   ∞            (no helmet)
rElec   .            (no cloak)
rCorr   .            (no gloves)
SInv    .            (boots unavailable)
Will    .....        (no amulet)
Stlth   ++           (no ring)
HPRegen 0.27/turn    (no ring)

%: infuse magic (-6 HP)
@: flying
A: sickness immunity, fire resistance 2, cold vulnerability 1, float, innate
caster, HP casting, extra vitality 1
a: Convert to Beogh


You were on level 4 of the Dungeon.
You visited 1 branch of the dungeon, and saw 4 of its levels.
You also visited: Sewer.

You collected 158 gold pieces.

Inventory:

Hand Weapons
 r - a +1 long sword of distortion (weapon)
Armour
 a - a +0 robe (worn)
Scrolls
 b - a scroll of noise {unknown}
 d - a scroll of acquirement {unknown}
 g - 7 scrolls of identify {unknown}
 i - 2 scrolls of poison {unknown}
 k - a scroll of amnesia {unknown}
 l - a scroll of vulnerability {unknown}
 q - a scroll of revelation {unknown}
 t - a scroll of teleportation {unknown}
Potions
 c - a potion of degeneration {unknown}
 e - 2 potions of curing {unknown}
 f - 3 potions of haste {unknown}
 h - a potion of mutation {unknown}
 j - 2 potions of might {unknown}
 m - a potion of heal wounds {unknown}
 n - a potion of invisibility {unknown}
 o - 2 potions of magic {unknown}
 p - a potion of brilliance {unknown}
 s - a potion of cancellation {unknown}


   Skills:
 - Level 2.1 Dodging
 - Level 1.5 Stealth
 + Level 7.3 Spellcasting
 + Level 7.3 Conjurations
 + Level 7.3 Hexes
 + Level 7.3 Summonings
 + Level 7.3 Necromancy
 + Level 7.3 Translocations
 + Level 7.3 Fire Magic
 + Level 7.3 Ice Magic
 + Level 7.3 Air Magic
 + Level 7.3 Earth Magic
 + Level 7.3 Alchemy


You knew the following spells:

 Your Spells              Type           Power      Damage    Failure   Level
a - Freeze                Ice            100%       1d10      1%          1
b - Frozen Ramparts       Ice            68%        1d11      1%          3
c - Ozocubu's Armour      Ice            34%        N/A       1%          3
d - Summon Ice Beast      Ice/Summ       34%        N/A       1%          3
e - Apportation           Tloc           68%        N/A       1%          1
f - Searing Ray           Conj           68%        2d6       1%          2
g - Fugue of the Fallen   Necr           34%        N/A       1%          3
Your spell library was empty.

Dungeon Overview and Level Annotations

Branches:
Dungeon (4/15)              Sewer (visited)
 Temple: D:4-7

Altars:

Shops:
D:2 (

Annotations:
D:2 1 runed translucent door, Crazy Yiuf


Innate Abilities, Weirdness & Mutations

You are immune to sickness and miasma.
You are immune to poison.
Your flesh is very heat resistant. (rF++)
You are vulnerable to cold. (rC-)
You float through the air rather than walking.
You learn spells naturally, not from books.
Your magical power is your life essence.
You have superior vitality. (+4 MHP)


Message History

The orc priest calls upon Beogh to heal the orc priest.
The orc priest is healed somewhat.
The orc hits your ice beast with a +2 hand axe of flaming.
The orc melts your ice beast.
Your ice beast barely misses the orc priest.
The orc priest threatens, "Beogh's wrath is as vast as their mercy.
Make your choice!" (press Y on the ability menu to convert to Beogh)
You freeze the orc priest.
The orc priest shouts, "Beogh offers mercy even to people such as you.
Join us and be reborn!"
The orc priest is moderately wounded.
An orc comes into view. It is wielding a +0 morningstar.
Your ice beast barely misses the orc priest.
The orc priest calls down the wrath of Beogh upon you.
Beogh smites you!
* * * LOW HITPOINT WARNING * * *
The orc priest calls upon Beogh to heal the orc priest.
The orc priest is healed somewhat.
Your ice beast hits the orc priest but does no damage.
Your ice beast closely misses the orc priest.
Something hits your ice beast but does no damage.
The orc priest looks braver for a moment.
The orc priest shouts, "Surrender to Beogh and we'll let you live!"
Something misses your ice beast.
You are too injured to fight recklessly!
Casting: Freeze (safe; 1% risk of failure)
Confirm with . or Enter, or press ? or * to list all spells.
Aiming: Searing Ray (safe; 1% risk of failure)
Press: ? - help, Shift-Dir - straight line, f/p - orc priest
Aim: an orc priest, wielding a +0 dagger (ally target, 81% to hit)
The searing ray misses the orc priest. (Press . to maintain the ray.)
* * * LOW HITPOINT WARNING * * *
The orc priest shouts, "Surrender to Beogh and we'll let you live!"
The orc priest hits you with a +0 dagger.
* * * LOW HITPOINT WARNING * * *
Your ice beast hits the orc priest.
Your ice beast freezes the orc priest!
The orc priest dies!
The orc priest calls down the wrath of Beogh upon you.
Beogh smites you!
You die...

####.#o. #..####.###
#.#g### ##..##...# #
#.#{..### #...#....# #
#.#oY...## #...#....###
#.#o.....###..).†...##.
#.#.###..##....#######.
#.#o###...#....# ###..
#.#.Y##...#....####....
#(#..)@.......†........
#.###########.#########
#.............#
###############


You could see an orc priest and a friendly ice beast (summoned).

Vanquished Creatures
  An ogre (D:4)
  A brain worm (Sewer)
  A bombardier beetle (D:3)
  A sleepcap (D:4)
  A gnoll (D:1)
  5 adders
  An orc (D:3)
  2 bats
  4 endoplasms
  3 giant cockroaches
  6 goblins
  4 hobgoblins
  2 jackals (D:1)
  3 quokkas
  6 ball pythons
  5 frilled lizards
  A kobold (D:2)
  9 rats
  A spectral hobgoblin (D:1)
57 creatures vanquished.

Vanquished Creatures (collateral kills)
  2 ogres (D:4)
  A brain worm (Sewer)
  An orc priest (D:4)
  2 hounds (D:4)
  5 adders
  A ribbon worm (D:4)
  5 orcs
  An endoplasm (D:3)
  2 goblins (D:4)
  2 kobolds
  2 quokkas (D:3)
  6 ball pythons
  3 frilled lizards
  2 rats (Sewer)
35 creatures vanquished.

Grand Total: 92 creatures vanquished

Notes
Turn   | Place    | Note
-------+----------+-------------------------------------------
     0 | D:1      | smashvw the Djinni Ice Elementalist began the quest for the
                  | Orb.
     0 | D:1      | smashvw set off with the following spells memorised:
                  | Freeze, Frozen Ramparts, Ozocubu's Armour, Summon Ice
                  | Beast.
     0 | D:1      | Reached XP level 1. HP: 15/15 MP: 0/0
   243 | D:1      | Found a faded altar of an unknown god.
   428 | D:1      | Reached XP level 2. HP: 7/21 MP: 0/0
   997 | D:1      | Reached XP level 3. HP: 19/25 MP: 0/0
   997 | D:1      | Learned a level 1 spell: Apportation
  1239 | D:2      | Found Huroegum's Weapon Boutique.
  1550 | D:2      | Found a runed translucent door.
  1551 | D:2      | Noticed Crazy Yiuf
  1791 | D:3      | Reached XP level 4. HP: 28/31 MP: 0/0
  2068 | D:3      | Found a glowing drain.
  2085 | Sewer    | Entered a sewer
  2190 | Sewer    | Noticed a brain worm
  2197 | Sewer    | Killed a brain worm
  2198 | Sewer    | Reached skill level 5 in Spellcasting
  2198 | Sewer    | Reached skill level 5 in Conjurations
  2198 | Sewer    | Reached skill level 5 in Hexes
  2198 | Sewer    | Reached skill level 5 in Summonings
  2198 | Sewer    | Reached skill level 5 in Necromancy
  2198 | Sewer    | Reached skill level 5 in Translocations
  2198 | Sewer    | Reached skill level 5 in Fire Magic
  2198 | Sewer    | Reached skill level 5 in Ice Magic
  2198 | Sewer    | Reached skill level 5 in Air Magic
  2198 | Sewer    | Reached skill level 5 in Earth Magic
  2198 | Sewer    | Reached skill level 5 in Alchemy
  2198 | Sewer    | Reached XP level 5. HP: 34/35 MP: 0/0
  2198 | Sewer    | Learned a level 2 spell: Searing Ray
  2312 | Sewer    | Noticed a brain worm
  2322 | Sewer    | Killed a brain worm
  2323 | Sewer    | Reached XP level 6. HP: 36/40 MP: 0/0
  2918 | D:4      | Noticed an ogre
  2929 | D:4      | Killed an ogre
  2930 | D:4      | Reached XP level 7. HP: 42/45 MP: 0/0
  2930 | D:4      | Learned a level 3 spell: Fugue of the Fallen
  3185 | D:4      | Killed from afar by an orc priest

Illustrated notes

Levels and vault maps discovered:
D:1:      minmay_arrival_four_circles, layout_basic,
          dreamdust_ecumenical_altar_drowned_temple, minivault_5,
          minmay_tree_intersection
D:2:      layout_rooms, serial_shops, nicolae_square_shop, minmay_tripent,
          uniq_crazy_yiuf_cottage
D:3:      layout_loops_ring, portal_sewer_entry_f, dreamdust_wishing_well
D:4:      minmay_recursive_quarters, layout_rooms

Skill      XL: |  1  2  3  4  5  6  7 |
---------------+----------------------+-----
Spellcasting   | 4 5 6 7 |  7.3
Conjurations   | 4 5 6 7 |  7.3
Hexes          | 4 5 6 7 |  7.3
Summonings     | 4 5 6 7 |  7.3
Necromancy     | 4 5 6 7 |  7.3
Translocations | 4 5 6 7 |  7.3
Fire Magic     | 4 5 6 7 |  7.3
Ice Magic      | 4 5 6 7 |  7.3
Air Magic      | 4 5 6 7 |  7.3
Earth Magic    | 4 5 6 7 |  7.3
Alchemy        | 4 5 6 7 |  7.3
Dodging        | |  2.1
Stealth        | |  1.5

Action                     |  1- 3 |  4- 6 |  7- 9 || total
---------------------------+-------+-------+-------++-------
  Melee: Unarmed           |     9 |     2 |       ||    11
         Long sword        |       |    16 |       ||    16
   Cast: Freeze            |    44 |    18 |    11 ||    73
         Summon Ice Beast  |     1 |    15 |     6 ||    22
         Ozocubu's Armour  |       |     1 |       ||     1
         Searing Ray       |       |     2 |     1 ||     3
   Stab: Sleeping          |       |     1 |       ||     1
 Armour: Robe              |    22 |    14 |     4 ||    40
  Dodge: Dodged            |    27 |    21 |     4 ||    52

Table legend: (Time is in decaauts)
 A = Elapsed time spent in this place.
 B = Non-inter-level travel time spent in this place.
 C = Inter-level travel time spent in this place.
 D = Time resting spent in this place.
 E = Time spent auto-exploring this place.
 F = Levels seen in this place.
 G = Mean time per level.
                   A        B        C        D        E       F      G
               +--------+--------+--------+--------+--------+-----+--------+
         Total |   3189 |   3081 |    108 |      0 |   2302 |   5 |  637.8 |
       Dungeon |   2680 |   2572 |    108 |      0 |   1956 |   4 |  670.0 |
         Sewer |    508 |    508 |      0 |      0 |    346 |   1 |  508.0 |
               +--------+--------+--------+--------+--------+-----+--------+

Top non-repeatable levels by time:
     D:1: 1220 daAuts
     D:3: 681 daAuts
     D:2: 509 daAuts
   Sewer: 508 daAuts
     D:4: 269 daAuts
